 Dungeon Crawl Stone Soup version 0.30-a0-1160-g6e42c06551 (webtiles) character file.

Game seed: 13859441391379116370

42 holysushi the Cutter (level 3, -4/26 HPs)
             Began as an Octopode Monk on Apr 26, 2023.
             Slain by an orc
             ... wielding a +0 mace
              (7 damage)
             ... on level 2 of the Dungeon.
             The game lasted 00:00:58 (1246 turns).

holysushi the Cutter (Octopode Monk)                Turns: 1246, Time: 00:00:58

Health: -4/26      AC:  1    Str:  7 (10) XL:     3   Next: 54%
Magic:  3/3        EV: 13    Int: 10 (12) God:
Gold:   68         SH:  4    Dex: 15 (16) Spells: 2/2 levels left

rFire   . . .        a - +0 short sword
rCold   . . .        f - +0 buckler
rNeg    . . .        (helmet restricted)
rPois   .            (no amulet)
rElec   .            (no ring)
rCorr   .            (no ring)
SInv    .            (no ring)
Will    .....        (no ring)
Stlth   ++           (no ring)
HPRegen 0.24/turn    (no ring)
MPRegen 0.08/turn    (no ring)
                     (no ring)

%: no passive effects
@: no status effects
A: almost no armour, amphibious, 8 rings, camouflage 1, gelatinous body 1,
(nimble swimmer 1), tentacles
a: no special abilities


You were on level 2 of the Dungeon.
You visited 1 branch of the dungeon, and saw 2 of its levels.

You collected 68 gold pieces.

Inventory:

Hand Weapons
 a - a +0 short sword (weapon)
Armour
 c - an orb of light
 f - a +0 buckler (worn)
Scrolls
 i - a scroll of identify {unknown}
Potions
 b - a potion of ambrosia
 d - 4 potions of lignification
 e - 2 potions of degeneration
 g - a potion of flight {unknown}


   Skills:
 - Level 3.0 Fighting
 + Level 4.3 Short Blades
 - Level 3.0 Dodging
 + Level 0.4 Shields


You had 2 spell levels left.
You didn't know any spells.
Your spell library contained the following spells:

 Spells                   Type           Power      Damage    Failure   Level
 Ozocubu's Armour         Ice            0%         N/A       88%         3
 Portal Projectile        Hex/Tloc       0%         N/A       88%         3
 Tukima's Dance           Hex            0%         N/A       88%         3
 Blade Hands              Tmut           0%         N/A       100%        5
 Ozocubu's Refrigeration  Ice            0%         4d7       100%        7


Dungeon Overview and Level Annotations

Branches:
Dungeon (2/15) Zot: 10765

Altars:


Innate Abilities, Weirdness & Mutations

You cannot wear most types of armour.
You are amphibious.
You can wear up to eight rings at the same time.
Your skin changes colour to match your surroundings (Stealth+).
Your rubbery body absorbs attacks. (AC +1, EV +1)
((You are camouflaged when in or above water. (Stealth+)))
You have tentacles for arms and can constrict up to eight enemies at once.


Message History

Found a stone staircase leading down.
There is a stone staircase leading down here.
Found a short sword.
No target in view!
An orc priest comes into view. It is wielding a +0 short sword.
The orc priest moves out of view.
No target in view!
An orc comes into view. It is wielding a +0 mace.
Found a faded altar of an unknown god.
An orc priest comes into view. It is wielding a +0 falchion.
There are monsters nearby!
An orc comes into view. It is wielding a +0 falchion.
There are monsters nearby!
The orc priest shouts!
The orc shouts!
The orc priest invokes the aid of Beogh against you.
Beogh smites you!
Ouch! That really hurt!
There are monsters nearby!
You are too injured to fight recklessly!
There are monsters nearby!
You are too injured to fight recklessly!
It was a potion of lignification.
You turn into a tree.
Your roots penetrate the ground.
The orc shouts!
The orc hits you but does no damage.
The orc priest hits you but does no damage.
It was a potion of degeneration.
There was something very wrong with that liquid.
You feel weakened.
You feel dopey.
You feel clumsy.
The orc priest invokes the aid of Beogh against you.
Beogh smites you!
* * * LOW HITPOINT WARNING * * *
The orc hits you but does no damage.
It was a potion of cancellation.
Your magical effects are unravelling.
You feel magically purged.
You feel less wooden.
The orc priest looks encouraged for a moment.
The orc hits you with a +0 mace!
You die...

..###.#### # #.#.#####
#.##.##.... #..........
##### .........##.###
.._..## .##########.#
.......### #.###
......o..#### #...>
..o.o.o@....########..##
#.......................
.##...###..)..........##
## ......
###.........###. .#
###.# ###.....###..# .#
#. ########.... .# #.#
#.#.# .# #.# #.##. .#
#.# #(###


You could see 2 orc priests and 2 orcs.

Vanquished Creatures
  A dart slug (D:2)
  3 ball pythons (D:1)
  3 bats
  6 endoplasms (D:1)
  2 giant cockroaches (D:1)
  5 goblins
  3 hobgoblins (D:1)
  2 jackals (D:1)
  4 kobolds
  A quokka (D:1)
  2 frilled lizards (D:1)
  2 rats (D:1)
34 creatures vanquished.

Notes
Turn   | Place    | Note
-------+----------+-------------------------------------------
     0 | D:1      | holysushi the Octopode Monk began the quest for the Orb.
     0 | D:1      | Reached XP level 1. HP: 16/16 MP: 1/1
   177 | D:1      | Reached XP level 2. HP: 21/21 MP: 2/2
   512 | D:1      | Reached skill level 4 in Short Blades
   614 | D:1      | Reached XP level 3. HP: 26/26 MP: 3/3
  1241 | D:2      | Found a faded altar of an unknown god.
  1246 | D:2      | Slain by an orc

Illustrated notes

Levels and vault maps discovered:
D:1:      dpeg_arrival_castle, layout_loops_cross, minmay_misc_feat_encased,
          st_stairs_5
D:2:      layout_loops_ring, hellmonk_ecumenical_altar_zigzags, hex_tiny

Skill      XL: |  1  2 |
---------------+-------+-----
Short Blades   | 4 |  4.3
Fighting       | |  3.0
Dodging        | |  3.0
Shields        | |  0.4

Action                     || total
---------------------------++-------
  Melee: Short sword       ||    71
         Constrict         ||    23
         Punch             ||     1
         Tentacles         ||    13
    Use: Potion            ||     3
   Stab: Sleeping          ||     3
 Armour: Skin              ||     7
  Dodge: Dodged            ||    48
  Block: Buckler           ||     1

Table legend: (Time is in decaauts)
 A = Elapsed time spent in this place.
 B = Non-inter-level travel time spent in this place.
 C = Inter-level travel time spent in this place.
 D = Time resting spent in this place.
 E = Time spent auto-exploring this place.
 F = Levels seen in this place.
 G = Mean time per level.
                   A        B        C        D        E       F      G
               +--------+--------+--------+--------+--------+-----+--------+
         Total |   1233 |   1221 |     12 |     86 |    904 |   2 |  616.5 |
       Dungeon |   1233 |   1221 |     12 |     86 |    904 |   2 |  616.5 |
               +--------+--------+--------+--------+--------+-----+--------+

Top non-repeatable levels by time:
     D:1: 896 daAuts
     D:2: 336 daAuts
